 Dungeon Crawl Stone Soup version 0.29.1-15-g9cfb28693d (webtiles) character file.

Game seed: 7676337807616427672

298 jtron the Spear-Bearer (level 6, 0/44 HPs)
             Began as a Gnoll Wanderer on Mar 21, 2023.
             Slain by a quokka (3 damage)
             ... on level 5 of the Dungeon.
             The game lasted 00:07:03 (3668 turns).

jtron the Spear-Bearer (Gnoll Wanderer)             Turns: 3668, Time: 00:07:03

Health: 0/44       AC:  7    Str: 12    XL:     6   Next: 35%
Magic:  11/11      EV: 11    Int: 12    God:
Gold:   211        SH:  0    Dex: 12    Spells: 7/11 levels left

rFire   . . .      SeeInvis .   a - +2 spear
rCold   . . .      Faith    .   (no shield)
rNeg    . . .      Spirit   .   e - +0 leather armour
rPois   .          Reflect  .   (no helmet)
rElec   .          Harm     .   (no cloak)
rCorr   .          Rampage  .   (no gloves)
Will    +....                   (no boots)
Stlth   ++........              (no amulet)
HPRegen 0.14/turn               h - +4 ring of protection
MPRegen 0.12/turn               j - ring of willpower

@: no status effects
A: fangs 1, strong nose, distributed training
a: no special abilities


You were on level 5 of the Dungeon.
You visited 1 branch of the dungeon, and saw 6 of its levels.

You collected 211 gold pieces.

Inventory:

Hand Weapons
 a - a +2 spear (weapon)
 b - a +0 sling
Missiles
 f - 35 stones (quivered)
 k - 5 poisoned darts
 y - 8 boomerangs
Armour
 e - a +0 leather armour (worn)
Jewellery
 h - a +4 ring of protection (left hand)
 j - a ring of willpower (right hand)
Wands
 u - a wand of paralysis (4)
Scrolls
 g - a scroll of enchant weapon {unknown}
 n - a scroll of poison {unknown}
 p - a scroll of brand weapon {unknown}
 q - a scroll of teleportation {unknown}
 t - 2 scrolls of fear {unknown}
 w - a scroll of noise {unknown}
Potions
 d - a potion of attraction
 i - 2 potions of brilliance
 l - a potion of degeneration {unknown}
 m - a potion of resistance {unknown}
 o - 2 potions of flight {unknown}
 s - a potion of experience {unknown}
 v - a potion of curing {unknown}
 x - a potion of heal wounds


   Skills:
 + Level 2.0 Fighting
 + Level 2.0 Short Blades
 + Level 2.0 Long Blades
 + Level 2.0 Axes
 + Level 2.0 Maces & Flails
 + Level 8.8 Polearms
 + Level 2.0 Staves
 + Level 2.0 Ranged Weapons
 + Level 6.8 Throwing
 + Level 3.3 Armour
 + Level 2.0 Dodging
 + Level 2.0 Stealth
 + Level 2.0 Shields
 + Level 2.0 Unarmed Combat
 + Level 3.4 Spellcasting
 + Level 1.6 Conjurations
 + Level 1.6 Hexes
 + Level 1.6 Summonings
 + Level 1.6 Necromancy
 + Level 1.6 Translocations
 + Level 1.6 Transmutations
 + Level 1.6 Fire Magic
 + Level 1.6 Ice Magic
 + Level 2.6 Air Magic
 + Level 1.6 Earth Magic
 + Level 1.6 Poison Magic
 + Level 2.2 Invocations
 + Level 2.0 Evocations


You had 7 spell levels left.
You knew the following spells:

 Your Spells              Type           Power      Damage    Failure   Level
a - Shock                 Conj/Air       28%        1d4       12%         1
b - Mephitic Cloud        Conj/Pois/Air  6%         N/A       36%         3

Your spell library contained the following spells:

 Spells                   Type           Power      Damage    Failure   Level
 Leda's Liquefaction      Hex/Erth       2%         N/A       83%         4
 Lee's Rapid Deconstruct  Erth           2%         3d6*      99%         5
 Statue Form              Tmut/Erth      3%         N/A       100%        6


Dungeon Overview and Level Annotations

Branches:
Dungeon (6/15)
 Temple: D:4-7

Altars:

Shops:
D:3 (


Innate Abilities, Weirdness & Mutations

You have very sharp teeth.
Your uncanny sense of smell can sniff out nearby items.
Your experience applies equally to all skills.


Message History

Found 15 gold pieces.
You now have 211 gold pieces (gained 15).
Found 2 potions of brilliance.
Found a mace.
Found a stone staircase leading down.
A phantom comes into view.
Found a spear.
An orc comes into view. It is wielding a +0 whip.
A sourceless malevolence fills the Dungeon...
You fall into a shaft and drop 2 floors!
The shaft crumbles and collapses.
A steam dragon comes into view.
The steam dragon hisses angrily.
The steam dragon breathes steam at you. The ball of steam hits you!!
An ice beast comes into view.
Found a stone.
f - 35 stones (gained 1)
Found a ring mail.
The steam dragon hisses angrily.
Okay, then.
Found a stone staircase leading up.
The ice beast closely misses you.
There is a stone staircase leading up here.
The ice beast closely misses you.
You climb upwards.
Found 6 javelins and a chain mail.
There is a stone staircase leading down here.
You feel much better.
The ice beast hits you but does no damage.
You hit the ice beast.
The ice beast is lightly wounded.
You hit the ice beast but do no damage.
The ice beast is lightly wounded.
The ice beast hits you. The ice beast freezes you! The ice beast hits you.
The ice beast freezes you! The ice beast hits you. The ice beast freezes you!
* * * LOW HITPOINT WARNING * * *
The quokka bites you.
You die...

####.#######
.............# ##
............. #..
........w... ...
#....#.....##.#
..............#
............#
............#####
......(>Y@......#
....[...r.###....
..........# ..
..........#
.......#..#
####...#...
#...###... ....
.....


You could see an ice beast, a dart slug and a quokka.

Vanquished Creatures
  A black bear (D:4)
  An orc priest (D:4)
  An orc wizard (D:4)
  3 adders (D:2)
  4 gnolls (D:3)
  An ufetubus (D:4)
  A worm (D:3)
  2 dart slugs
  An orc (D:3)
  6 ball pythons
  5 endoplasms
  2 giant cockroaches
  4 goblins
  8 hobgoblins
  8 jackals
  7 kobolds
  3 quokkas
  7 bats
  6 frilled lizards
  5 rats
76 creatures vanquished.

Vanquished Creatures (others)
  4 toadstools (D:1)
4 creatures vanquished.

Grand Total: 80 creatures vanquished

Notes
Turn   | Place    | Note
-------+----------+-------------------------------------------
     0 | D:1      | jtron the Gnoll Wanderer began the quest for the Orb.
     0 | D:1      | jtron set off with the following items: a +2 spear, 9
                  | boomerangs, a +0 dagger, a potion of attraction, a +0
                  | leather armour; and the following spell memorised: Shock;
                  | and the following spells available to memorise: Mephitic
                  | Cloud.
     0 | D:1      | Reached XP level 1. HP: 13/13 MP: 4/4
   194 | D:1      | Reached XP level 2. HP: 18/19 MP: 5/5
   290 | D:1      | Found a faded altar of an unknown god.
   512 | D:1      | Reached XP level 3. HP: 25/25 MP: 7/7
  1009 | D:2      | Reached skill level 1 in Invocations
  1143 | D:2      | Reached skill level 1 in Fighting
  1143 | D:2      | Reached skill level 1 in Short Blades
  1143 | D:2      | Reached skill level 1 in Long Blades
  1143 | D:2      | Reached skill level 1 in Axes
  1143 | D:2      | Reached skill level 1 in Maces & Flails
  1143 | D:2      | Reached skill level 1 in Staves
  1143 | D:2      | Reached skill level 1 in Ranged Weapons
  1143 | D:2      | Reached skill level 1 in Dodging
  1143 | D:2      | Reached skill level 1 in Stealth
  1143 | D:2      | Reached skill level 1 in Shields
  1143 | D:2      | Reached skill level 1 in Unarmed Combat
  1143 | D:2      | Reached skill level 1 in Evocations
  1468 | D:2      | Reached XP level 4. HP: 32/32 MP: 8/8
  2194 | D:3      | Reached skill level 1 in Conjurations
  2194 | D:3      | Reached skill level 1 in Hexes
  2194 | D:3      | Reached skill level 1 in Summonings
  2194 | D:3      | Reached skill level 1 in Necromancy
  2194 | D:3      | Reached skill level 1 in Translocations
  2194 | D:3      | Reached skill level 1 in Transmutations
  2194 | D:3      | Reached skill level 1 in Fire Magic
  2194 | D:3      | Reached skill level 1 in Ice Magic
  2194 | D:3      | Reached skill level 1 in Earth Magic
  2194 | D:3      | Reached skill level 1 in Poison Magic
  2506 | D:3      | Reached XP level 5. HP: 24/37 MP: 9/9
  2803 | D:3      | Found Xuibaasu's Weapon Boutique.
  2857 | D:3      | Learned a level 3 spell: Mephitic Cloud
  3259 | D:4      | Noticed an orc warrior
  3516 | D:4      | Noticed a black bear
  3592 | D:4      | Killed a black bear
  3593 | D:4      | Reached XP level 6. HP: 44/44 MP: 9/11
  3613 | D:4      | You fall into a shaft and drop 2 floors!
  3615 | D:6      | Noticed a steam dragon
  3618 | D:6      | Noticed an ice beast
  3663 | D:5      | Entered Level 5 of the Dungeon
  3668 | D:5      | Slain by a quokka

Illustrated notes

Levels and vault maps discovered:
D:1:      ldierk_walled_garden_2, layout_loops_ring, basic_ecumenical_altar
D:2:      layout_basic, serial_aquarium, aquarium_bridge_long_separate
          [aquarium_subvault_wall, aquarium_subvault_bridge,
          aquarium_subvault_bridge, aquarium_subvault_window,
          aquarium_subvault_bridge, aquarium_subvault_bridge],
          aquarium_window_2, aquarium_window_fake, aquarium_window_corner,
          aquarium_window_1, aquarium_view_2c, minmay_misc_feat_ornament,
          nrook_loot_triangle
D:3:      layout_basic, serial_shops, nicolae_shop_advertising_works
          [nicolae_subvault_shop_adworks]
D:4:      layout_rooms, gammafunk_temple_overflow_forgotten, lightli_minifort
D:5:      layout_basic, minmay_temple_entry_tees, minmay_hedge_maze,
          kennysheep_another_room, guppyfry_shop_venom
D:6:      nicolae_cairo_tiling, layout_loops_corners, jmf_multi_god_temple

Skill      XL: |  1  2  3  4  5 |
---------------+----------------+-----
Air Magic      | 2 |  2.6
Invocations    | 1 2 |  2.2
Fighting       | 1 2 |  2.0
Short Blades   | 1 2 |  2.0
Long Blades    | 1 2 |  2.0
Axes           | 1 2 |  2.0
Maces & Flails | 1 2 |  2.0
Staves         | 1 2 |  2.0
Ranged Weapons | 1 2 |  2.0
Dodging        | 1 2 |  2.0
Stealth        | 1 2 |  2.0
Shields        | 1 2 |  2.0
Unarmed Combat | 1 2 |  2.0
Evocations     | 1 2 |  2.0
Spellcasting   | 3 |  3.4
Conjurations   | 1 |  1.6
Hexes          | 1 |  1.6
Summonings     | 1 |  1.6
Necromancy     | 1 |  1.6
Translocations | 1 |  1.6
Transmutations | 1 |  1.6
Fire Magic     | 1 |  1.6
Ice Magic      | 1 |  1.6
Earth Magic    | 1 |  1.6
Poison Magic   | 1 |  1.6
Armour         | 3 |  3.3
Polearms       | |  8.8
Throwing       | |  6.8

Action                   |  1- 3 |  4- 6 || total
-------------------------+-------+-------++-------
Melee: Spear             |    82 |   113 ||   195
       Bite              |     4 |     6 ||    10
       Punch             |     1 |     1 ||     2
Throw: Javelin           |       |     5 ||     5
       Boomerang         |       |     3 ||     3
 Cast: Shock             |     1 |       ||     1
Evoke: Wand              |       |     4 ||     4
  Use: Scroll            |     1 |     2 ||     3
       Potion            |       |     1 ||     1
 Stab: Sleeping          |     1 |     2 ||     3
       Paralysed         |       |     7 ||     7
Armor: Leather armour    |    24 |    29 ||    53
Dodge: Dodged            |    29 |    48 ||    77
